 Dungeon Crawl Stone Soup version 0.29-a0-330-g52719c12eb (webtiles) character file.

Game seed: 18060422432885757580

2 Borgoz the Skirmisher (level 1, -2/14 HPs)
             Began as a Gargoyle Berserker on May 17, 2022.
             Was a Follower of Trog.
             Slain by a kobold
             ... wielding a +0 dagger
              (3 damage)
             ... on level 1 of the Dungeon.
             The game lasted 00:00:11 (55 turns).

Borgoz the Skirmisher (Gargoyle Berserker)            Turns: 55, Time: 00:00:12

Health: -2/14      AC:  4    Str: 20    XL:     1   Next: 30%
Magic:  1/1        EV: 11    Int:  7    God:    Trog [*.....]
Gold:   0          SH:  0    Dex:  9    Spells: 0/0 levels left

rFire   . . .      SeeInvis .   a - +0 mace
rCold   . . .      Faith    .   (no shield)
rNeg    + . .      Spirit   .   b - +0 animal skin
rPois   ∞          Reflect  .   (no helmet)
rElec   +          Harm     .   (no cloak)
rCorr   .          Rampage  .   (no gloves)
Will    .....                   (no boots)
Stlth   +.........              (no amulet)
HPRegen 0.04/turn               (no ring)
MPRegen 0.07/turn               (no ring)

@: on berserk cooldown, slowed, very slow
A: sickness immunity, AC +2, negative energy resistance 1, electricity
resistance, torment resistance 1, petrification resistance
a: Renounce Religion, Berserk


You were on level 1 of the Dungeon.
You worshipped Trog.
Trog was aware of your devotion.
You visited 1 branch of the dungeon, and saw 1 of its levels.

Inventory:

Hand Weapons
 a - a +0 mace (weapon)
Armour
 b - a +0 animal skin (worn)


   Skills:
 + Level 3.3 Fighting
 + Level 3.0 Maces & Flails
 + Level 2.2 Armour
 + Level 1.6 Dodging


You couldn't memorise any spells.
You didn't know any spells.
Your spell library was empty.

Dungeon Overview and Level Annotations

Branches:
Dungeon (1/15)

Altars:


Innate Abilities, Weirdness & Mutations

You are immune to sickness and miasma.
Your stone body is resilient. (AC +2)
You are immune to poison.
You resist negative energy. (rN+)
You are resistant to electric shocks. (rElec)
You are resistant to unholy torment.
You are immune to petrification.


Message History

You closely miss the rat.
The rat is heavily wounded.
The kobold misses you. The rat misses you. The dart slug barely misses you.
You barely miss the rat.
The rat is heavily wounded.
The rat misses you. The kobold hits you with a +0 dagger.
You barely miss the rat.
The rat is heavily wounded.
The kobold hits you but does no damage. The rat misses you.
The dart slug closely misses you.
You thump the rat!
You kill the rat!
Trog accepts your kill.
You are no longer berserk.
You are exhausted.
You feel yourself slow down. The kobold barely misses you.
You are too injured to fight recklessly!
You are too injured to fight recklessly!
You are too injured to fight recklessly!
You are too injured to fight recklessly!
You closely miss the kobold. The kobold hits you with a +0 dagger.
The dart slug bites you but does no damage.
The kobold hits you but does no damage. The dart slug launches a dart at you.
The slug dart hits you.
* * * LOW HITPOINT WARNING * * *
The dart slug launches a dart at you. The slug dart hits you.
* * * LOW HITPOINT WARNING * * *
The kobold closely misses you. The kobold misses you.
The dart slug attacks as you move away! The dart slug closely misses you.
A goblin comes into view. It is wielding a +0 dagger.
You miss the kobold.
The kobold hits you but does no damage. x2
You barely miss the kobold.
The goblin shouts!
The kobold hits you with a +0 dagger.
* * * LOW HITPOINT WARNING * * *
The kobold hits you with a +0 dagger.
You die...

#..#.# # #..#.# ##
#..#.# #. #.^#.# ##
#?.#.## # #...#.#
#..##.##
.############..###.##
.g.....@Kw.....#
##.###
..#######......#
##..## #.......#
###.. #..$.....# ###
#..........
.............
#.##.[.......## ..
#....#...##


You could see a dart slug, a goblin and a kobold.

Vanquished Creatures
  A hobgoblin (D:1)
  A rat (D:1)
2 creatures vanquished.

Notes
Turn   | Place    | Note
-------+----------+-------------------------------------------
     0 | D:1      | Borgoz the Gargoyle Berserker began the quest for the Orb.
     0 | D:1      | Reached XP level 1. HP: 14/14 MP: 1/1
    55 | D:1      | Slain by a kobold

Illustrated notes

Levels and vault maps discovered:
D:1:      dpeg_arrival_solitude, layout_rooms, ebering_ecumenical_altar_box,
          minmay_heptomino_o4

Action                   || total
-------------------------++-------
Melee: Mace              ||    16
Invok: Berserk           ||     1
Armor: Animal skin       ||     7
Dodge: Dodged            ||    23

Table legend: (Time is in decaauts)
 A = Elapsed time spent in this place.
 B = Non-inter-level travel time spent in this place.
 C = Inter-level travel time spent in this place.
 D = Time resting spent in this place.
 E = Time spent auto-exploring this place.
 F = Levels seen in this place.
 G = Mean time per level.
                   A        B        C        D        E       F      G
               +--------+--------+--------+--------+--------+-----+--------+
         Total |     57 |     57 |      0 |      0 |     31 |   1 |   57.0 |
       Dungeon |     57 |     57 |      0 |      0 |     31 |   1 |   57.0 |
               +--------+--------+--------+--------+--------+-----+--------+

Top non-repeatable levels by time:
     D:1: 57 daAuts
